 Dungeon Crawl Stone Soup version 0.31.0-32-g396128a36d (webtiles) character file.

Game seed: 4586038700102509759

35 PriceMaster the Conjurer (level 3, 0/21 HPs)
             Began as an Octopode Conjurer on Apr 25, 2024.
             Slain by a ball python (1 damage)
             ... on level 2 of the Dungeon.
             The game lasted 00:02:06 (1595 turns).

PriceMaster the Conjurer (Octopode Conjurer)        Turns: 1595, Time: 00:02:07

Health: 0/21       AC:  1    Str:  6    XL:     3   Next: 33%
Magic:  4/6        EV: 13    Int: 22    God:
Gold:   61         SH:  0    Dex: 10    Spells: 5/6 levels left

rFire   x . .        d - +2 short sword (venom)
rCold   + . .        l - orb {guile}
rNeg    . . .        (helmet restricted)
rPois   .            (no amulet)
rElec   .            g - ring of ice
rCorr   .            (no ring)
SInv    .            (no ring)
Will    .....        (no ring)
Stlth   +++          (no ring)
HPRegen 0.23/turn    (no ring)
MPRegen 0.10/turn    (no ring)
                     (no ring)

%: no passive effects
@: no status effects
A: almost no armour, amphibious, 8 rings, camouflage 1, gelatinous body 1,
(nimble swimmer 1), tentacles
a: no special abilities


You were on level 2 of the Dungeon.
You visited 1 branch of the dungeon, and saw 2 of its levels.

You collected 61 gold pieces.

Inventory:

Hand Weapons
 d - a +2 short sword of venom (weapon)
 h - a +2 dagger of venom
Armour
 l - an orb of guile (worn)
Jewellery
 g - a ring of ice (left tentacle)
Scrolls
 b - a scroll of amnesia {unknown}
 f - a scroll of identify {unknown}
 i - 2 scrolls of enchant armour {unknown}
 j - a scroll of poison {unknown}
Potions
 a - a potion of magic
 c - a potion of heal wounds {unknown}
 e - 2 potions of curing {unknown}
 k - a potion of enlightenment {unknown}


   Skills:
 + Level 0.1 Short Blades
 + Level 2.2 Dodging
 + Level 3.1 Stealth
 + Level 2.4 Spellcasting
 + Level 4.5 Conjurations


You had 5 spell levels left.
You knew the following spells:

 Your Spells              Type           Power      Damage    Failure   Level
a - Magic Dart            Conj           88%        1d7       1%          1

Your spell library contained the following spells:

 Spells                   Type           Power      Damage    Failure   Level
 Searing Ray              Conj           44%        2d6       3%          2
 Fulminant Prism          Conj/Alch      6%         3d6       45%         4
 Iskenderun's Mystic Bla  Conj/Tloc      12%        2d5       45%         4


Dungeon Overview and Level Annotations

Branches:
Dungeon (2/15)

Altars:


Innate Abilities, Weirdness & Mutations

You cannot wear most types of armour.
You are amphibious.
You can wear up to eight rings at the same time.
Your skin changes colour to match your surroundings (Stealth+).
Your rubbery body absorbs attacks. (AC +1, EV +1)
((You are camouflaged when in or above water. (Stealth+)))
You have tentacles for arms and can constrict up to eight enemies at once.


Message History

The gnoll is moderately wounded.
The gnoll attacks as it pursues you! The gnoll barely misses you.
The gnoll attacks as it pursues you! The gnoll barely misses you.
Casting: Magic Dart (safe; 1% risk of failure)
Confirm with . or Enter, or press ? or * to list all spells.
Aiming: Magic Dart (safe; 1% risk of failure)
Press: ? - help, Shift-Dir - straight line, f/p - gnoll
Aim: a gnoll, wielding a +0 halberd (moderately wounded, 100% to hit)
Okay, then.
The frilled lizard hisses angrily.
Casting: Magic Dart (safe; 1% risk of failure)
Confirm with . or Enter, or press ? or * to list all spells.
Aiming: Magic Dart (safe; 1% risk of failure)
Press: ? - help, Shift-Dir - straight line, f/p - gnoll
Aim: a gnoll, wielding a +0 halberd (moderately wounded, 100% to hit)
Okay, then.
The frilled lizard misses you.
You closely miss the frilled lizard. Your grab misses the frilled lizard.
Your squeeze misses the frilled lizard. The frilled lizard bites you.
You miss the frilled lizard. Your grab misses the frilled lizard.
The frilled lizard barely misses you.
You barely miss the frilled lizard. Your grab misses the frilled lizard.
The gnoll closely misses you. The frilled lizard closely misses you.
You barely miss the frilled lizard. Your grab misses the frilled lizard.
The gnoll misses you. The frilled lizard bites you.
You barely miss the frilled lizard. Your grab misses the frilled lizard.
The gnoll completely misses you. The frilled lizard bites you.
You hit the frilled lizard.
You kill the frilled lizard!
The gnoll barely misses you.
A ball python comes into view.
Found 13 gold pieces.
The ball python hisses angrily.
The ball python bites you. The ball python barely misses you.
The gnoll attacks as it pursues you!
The gnoll hits you from afar with a +0 halberd!
Ouch! That really hurt!
* * * LOW HITPOINT WARNING * * *
The ball python bites you.
You die...

........## #.#...##.#..###......
......[.. #.###.......# ####...
......... #.# #..#.#..# #...
....$.... #.# #......## #...
.........# #.# #..#.#.### #...
#.# ##g......# #... #.#
#g...#.#.. #... #.###....#.##..
#... ###### #...@....#.# ##....##
.....# #####S#### ###. # ####.#
#.$. #.# #.# ###############.. .#
#.# #.........###
.###.################.........###
.#...............................
.#.#.....................<.......
.#.##################.........###


You could see 2 gnolls and a ball python.

Vanquished Creatures
  4 ribbon worms (D:2)
  5 bats
  3 hobgoblins
  A quokka (D:2)
  3 frilled lizards
  3 goblins
  4 kobolds
  3 rats (D:2)
26 creatures vanquished.

Notes
Turn   | Place    | Note
-------+----------+-------------------------------------------
     0 | D:1      | PriceMaster the Octopode Conjurer began the quest for the
                  | Orb.
     0 | D:1      | Reached XP level 1. HP: 11/11 MP: 3/3
   306 | D:1      | Reached XP level 2. HP: 17/17 MP: 1/5
  1367 | D:2      | Reached XP level 3. HP: 21/21 MP: 2/6
  1595 | D:2      | HP: 1/21 [gnoll/+0 halberd (15)]
  1595 | D:2      | Slain by a ball python

Illustrated notes

Levels and vault maps discovered:
D:1:      scummos_arrival_hexagon, layout_basic, roderic_serpentine_path
D:2:      layout_basic, serial_glass, glass_columns_a, glass_columns_c,
          minmay_strange_pillars, uniq_natasha, uniq_terence

Skill      XL: |  1  2 |
---------------+-------+-----
Stealth        | 3 |  3.1
Short Blades   | |  0.1
Dodging        | |  2.2
Spellcasting   | |  2.4
Conjurations   | |  4.5

Action                     || total
---------------------------++-------
  Melee: Unarmed           ||     7
         Constrict         ||     5
         Tentacles         ||     3
         Short sword       ||    28
   Cast: Magic Dart        ||    44
   Stab: Sleeping          ||     2
 Armour: Skin              ||    19
  Dodge: Dodged            ||    24
